[Event "10th Floripa Open 2024"]
[Site "Florianopolis"]
[Date "2024.01.26"]
[Round "7.3"]
[White "Salinas Herrera, Pablo"]
[Black "Filgueiras, Nathan Felipe"]
[Result "1-0"]
[ECO "C55"]
[WhiteElo "2477"]
[BlackElo "2321"]
[Annotator "TA"]
[PlyCount "101"]
[EventDate "2024.01.10"]
[EventType "swiss"]
[EventCountry "BRA"]
[SourceTitle "playchess.com"]
[Source "ChessBase"]
[SourceQuality "1"]
[TimeControl "5400+30"]

1. e4 e5 2. Nf3 Nc6 3. Bc4 Nf6 4. d3 h6 5. Nc3 d6 6. a4 {[%emt 0:04:46] C55: Two Knights: 4 d3, 4 d4 exd4 5 e5 and Max Lange Attack.} g5 7. a5 a6 8. Be3 $146 ({Predecessor:} 8. h3 Bg7 9. Nh2 Ne7 10. Ng4 c6 11. Be3 d5 12. Bb6 Qd6 13. Bb3 Be6 14. Nxf6+ Bxf6 {½-½ Idani,P (2615)-Pranav,V (2611) Titled Tuesday intern op 14th Nov Early blitz 2023 (10)}) 8... Bg7 9. h4 g4 10. Nh2 Nd4 11. Nf1 Be6 12. Ng3 Qd7 13. Ba2 ({White should play} 13. Rb1 $14) 13... O-O-O 14. Nce2 Ng8 (14... Bxa2 $11 15. Rxa2 d5) 15. Nh5 Bxa2 16. Bxd4 f5 $1 17. Bc3 Be6 18. exf5 Bxf5 19. Neg3 Be6 20. d4 Bc4 21. Nxg7 Qxg7 22. Nf5 Qg6 (22... Qf7 $15 23. Ne3 Nf6 24. Nxc4 Qxc4 25. dxe5 Qe4+ 26. Qe2 dxe5 27. Qxe4 Nxe4) 23. Ne3 $11 Be6 $1 24. dxe5 d5 {[%emt 0:02:09] [#]} (24... dxe5 $11 25. Qe2 Ne7) 25. Qd4 $1 $16 Kb8 (25... Ne7 $16 26. Qa7 Rhf8) 26. Bb4 (26. Qc5 $18) 26... Rh7 $16 27. O-O-O h5 ({Black should try} 27... Ne7) 28. Rd2 Rhd7 29. Bc5 (29. Rhd1 $142) 29... Qe4 (29... Ne7 $16 {keeps fighting.}) 30. Qxe4 $18 dxe4 31. Rxd7 Rxd7 {[%emt 0:07:22] [#]} 32. Rd1 $1 Rxd1+ 33. Nxd1 g3 34. fxg3 Nh6 35. Nc3 Bf5 (35... Ng4 {was necessary.} 36. Bd4 (36. Nxe4 Nxe5 37. Bd4 Ng4 $18) 36... Kc8 37. Nxe4 Bd5) 36. Nd5 $18 Nf7 37. Nf4 Nxe5 38. Nxh5 Kc8 39. Bd4 Ng4 40. Ng7 Bh7 41. Ne6 (41. Kd2 Kd7 42. Nh5 Ke7 $18) 41... Bf5 42. Nc5 ({Don't play} 42. Ng7 Bd7 43. Kd2 Kd8 $18) 42... c6 (42... Bg6 $142 43. Kd1 Nh6) 43. h5 $18 Kc7 44. Bg7 Kd6 $2 (44... b6) 45. Nxb7+ $18 Kd5 46. b3 c5 47. h6 Ne3 (47... e3 $142 48. Kd1 Bg6) 48. c4+ $18 Kc6 49. Nd8+ Kd7 50. Nf7 Nxg2 51. g4 1-0

[Event "10th Floripa Open 2024"]
[Site "Florianopolis"]
[Date "2024.01.26"]
[Round "7.4"]
[White "Menna Barreto, Felipe Kubiaki"]
[Black "Galego, Luis"]
[Result "1/2-1/2"]
[ECO "A54"]
[WhiteElo "2278"]
[BlackElo "2468"]
[Annotator "RC"]
[PlyCount "49"]
[EventDate "2024.01.10"]
[EventType "swiss"]
[EventCountry "BRA"]
[SourceTitle "playchess.com"]
[Source "ChessBase"]
[SourceQuality "1"]
[TimeControl "5400+30"]

1. Nf3 Nf6 2. c4 d6 3. d4 Nbd7 4. Nc3 e5 5. Bg5 Be7 6. e3 O-O 7. Qc2 Re8 8. dxe5 dxe5 9. O-O-O h6 10. Bh4 Nh7 11. Bg3 Bf6 12. c5 c6 13. Ne4 Qa5 14. Bc4 Re7 15. Nd6 Ndf8 16. Nxc8 Rxc8 17. Nd2 g6 18. Ne4 Bg7 19. Bh4 g5 20. Bg3 Nf6 21. Nd6 Rcc7 22. Nf5 Re8 23. Nd6 Ree7 24. Nf5 Re8 25. Nd6 1/2-1/2

[Event "10th Floripa Open 2024"]
[Site "Florianopolis"]
[Date "2024.01.26"]
[Round "7.5"]
[White "Flores Quillas, Diego Saul Rodri"]
[Black "Diaz Villagran, Robert"]
[Result "1/2-1/2"]
[ECO "C84"]
[WhiteElo "2429"]
[BlackElo "2268"]
[Annotator "RC"]
[PlyCount "99"]
[EventDate "2024.01.10"]
[EventType "swiss"]
[EventCountry "BRA"]
[SourceTitle "playchess.com"]
[Source "ChessBase"]
[SourceQuality "1"]
[TimeControl "5400+30"]

1. e4 e5 2. Nf3 Nc6 3. Bb5 a6 4. Ba4 Nf6 5. d3 b5 6. Bb3 Be7 7. O-O d6 8. a4 Rb8 9. axb5 axb5 10. h3 O-O 11. Nc3 Be6 12. Nd5 Bxd5 13. exd5 Nd4 14. Nxd4 exd4 15. c3 Nd7 16. cxd4 Ra8 17. Be3 Rxa1 18. Qxa1 f5 19. f4 Bf6 20. Bf2 Qa8 21. Qc1 Qa7 22. Qe3 Rf7 23. Kh2 Nf8 24. Bg1 Re7 25. Qf2 Qa5 26. Bd1 g6 27. Bf3 h5 28. Rc1 Qa7 29. b3 h4 30. Qb2 Nh7 31. Bf2 Kf7 32. Ra1 Qb8 33. Qc3 Qh8 34. Ra7 Qb8 35. Ra5 g5 36. Bh5+ Kg7 37. fxg5 Bxg5 38. Qc6 Qh8 39. Ra8 Nf8 40. Bf3 Bf4+ 41. Kg1 Kf7 42. Rc8 Bg3 43. Rxc7 Bxf2+ 44. Kxf2 Qxd4+ 45. Kf1 Qxd3+ 46. Kg1 Qe3+ 47. Kh2 Qe5+ 48. Kh1 Qe1+ 49. Kh2 Qe5+ 50. Kh1 1/2-1/2

[Event "10th Floripa Open 2024"]
[Site "Florianopolis"]
[Date "2024.01.26"]
[Round "7.6"]
[White "Soriano Quispe, Ivan Excender"]
[Black "Haldorsen, Benjamin"]
[Result "0-1"]
[ECO "E94"]
[WhiteElo "2271"]
[BlackElo "2427"]
[Annotator "RC"]
[PlyCount "141"]
[EventDate "2024.01.10"]
[EventType "swiss"]
[EventCountry "BRA"]
[SourceTitle "playchess.com"]
[Source "ChessBase"]
[SourceQuality "1"]
[TimeControl "5400+30"]

1. d4 Nf6 2. c4 g6 3. Nc3 Bg7 4. e4 d6 5. Nf3 O-O 6. Be2 e5 7. O-O a5 8. dxe5 dxe5 9. Bg5 Nbd7 10. Qc2 c6 11. Rad1 h6 12. Bc1 Qc7 13. Na4 b6 14. c5 b5 15. Nb6 Nxb6 16. cxb6 Qxb6 17. Nxe5 c5 18. Be3 Qe6 19. Nd3 c4 20. Nc5 Qe7 21. a4 bxa4 22. Nxa4 Qxe4 23. Qxe4 Nxe4 24. Bxc4 Ba6 25. Bxa6 Rxa6 26. Rfe1 Ng5 27. Nc5 Rc6 28. b3 Re8 29. Nb7 Bc3 30. Rf1 Rb8 31. Rd7 Ne6 32. Rc1 Nf8 33. Rd3 Rxb7 34. Rdxc3 Rxc3 35. Rxc3 g5 36. h4 Ne6 37. hxg5 hxg5 38. g3 Kg7 39. Rd3 Rb5 40. Bd2 Kg6 41. Rd6 g4 42. Rd3 Kf5 43. Kf1 Nc5 44. Rd5+ Ke4 45. Rg5 f5 46. Rg8 Nxb3 47. Bc3 Kd3 48. Be1 Nd2+ 49. Kg2 Nf3 50. Rd8+ Kc4 51. Rc8+ Kb3 52. Bc3 a4 53. Bf6 a3 54. Kf1 Rb6 55. Bh8 Re6 56. Rc1 a2 57. Rc3+ Kb4 58. Rc1 Rh6 59. Ra1 Rxh8 60. Rxa2 Kc4 61. Ra4+ Kd3 62. Ra3+ Ke4 63. Ra4+ Ke5 64. Ra5+ Kf6 65. Ra4 Rh1+ 66. Ke2 Re1+ 67. Kd3 Re6 68. Ra8 Ng1 69. Ra7 Nh3 70. Ra2 f4 71. gxf4 0-1

[Event "10th Floripa Open 2024"]
[Site "Florianopolis"]
[Date "2024.01.26"]
[Round "7.7"]
[White "Rodriguez Vila, Andres"]
[Black "Dos Santos Dutra, Fernando Junior Frei"]
[Result "1-0"]
[ECO "B12"]
[WhiteElo "2407"]
[BlackElo "2262"]
[Annotator "RC"]
[PlyCount "66"]
[EventDate "2024.01.10"]
[EventType "swiss"]
[EventCountry "BRA"]
[SourceTitle "playchess.com"]
[Source "ChessBase"]
[SourceQuality "1"]
[TimeControl "5400+30"]

1. e4 c6 2. d4 d5 3. e5 c5 4. dxc5 e6 5. a3 Nc6 6. Nf3 Bxc5 7. b4 Bb6 8. Bb2 Nh6 9. Bd3 Nf5 10. O-O O-O 11. Nbd2 a5 12. b5 Nce7 13. a4 Ng6 14. g3 Bc5 15. Nb3 b6 16. Re1 Re8 17. h4 Bb4 18. c3 Be7 19. h5 Nf8 20. Nbd4 Nxd4 21. cxd4 f5 22. exf6 gxf6 23. Nh2 Ra7 24. Rc1 Bd6 25. Ng4 Kh8 26. Rc6 Rf7 27. Qf3 Bb7 28. Nh6 Rg7 29. Nf5 Bxc6 30. Nxg7 Kxg7 31. bxc6 Qe7 32. Bc1 Rc8 33. Bb5 Qf7 1-0

[Event "10th Floripa Open 2024"]
[Site "Florianopolis"]
[Date "2024.01.26"]
[Round "7.8"]
[White "Do Valle Cardoso, Lucas"]
[Black "Coppola, Claudio"]
[Result "1-0"]
[ECO "C42"]
[WhiteElo "2392"]
[BlackElo "2250"]
[Annotator "RC"]
[PlyCount "45"]
[EventDate "2024.01.10"]
[EventType "swiss"]
[EventCountry "BRA"]
[SourceTitle "playchess.com"]
[Source "ChessBase"]
[SourceQuality "1"]
[TimeControl "5400+30"]

1. e4 e5 2. Nf3 Nf6 3. Nxe5 d6 4. Nf3 Nxe4 5. c4 g6 6. Nc3 Nxc3 7. dxc3 Bg7 8. Bg5 f6 9. Be3 Nc6 10. h4 Bg4 11. Qb3 Bxf3 12. gxf3 Qd7 13. Qxb7 O-O 14. O-O-O a6 15. c5 Rfb8 16. Bc4+ Kh8 17. Rxd6 Rxb7 18. Rxd7 Rab8 19. Rhd1 Rxb2 20. Bb3 Re2 21. Rxc7 Ne5 22. f4 Nf3 23. Rdd7 1-0

[Event "10th Floripa Open 2024"]
[Site "Florianopolis"]
[Date "2024.01.26"]
[Round "7.9"]
[White "De Siqueira, Luigy Lira"]
[Black "Perez Gormaz, Matias"]
[Result "1/2-1/2"]
[ECO "C45"]
[WhiteElo "2230"]
[BlackElo "2388"]
[Annotator "RC"]
[PlyCount "63"]
[EventDate "2024.01.10"]
[EventType "swiss"]
[EventCountry "BRA"]
[SourceTitle "playchess.com"]
[Source "ChessBase"]
[SourceQuality "1"]
[TimeControl "5400+30"]

1. e4 e5 2. Nf3 Nc6 3. d4 exd4 4. Nxd4 Qf6 5. Be3 Bc5 6. c3 Qg6 7. f3 Nge7 8. Nf5 Bxe3 9. Nxe3 O-O 10. Bc4 d6 11. O-O Be6 12. Na3 Rad8 13. Bd5 Kh8 14. Qb3 Bc8 15. Nb5 Rd7 16. Bxc6 bxc6 17. Nd4 Qg5 18. Rae1 Rdd8 19. Qa4 Qc5 20. Kh1 Bd7 21. e5 Ng6 22. f4 dxe5 23. fxe5 Nxe5 24. Nb3 Qb6 25. Qe4 Rde8 26. Qc2 c5 27. Nd2 Qh6 28. Ndc4 Nxc4 29. Nxc4 Bb5 30. Qb3 Bxc4 31. Qxc4 Rxe1 32. Rxe1 1/2-1/2

[Event "10th Floripa Open 2024"]
[Site "Florianopolis"]
[Date "2024.01.26"]
[Round "7.10"]
[White "Campos, Maria Jose"]
[Black "Perdomo, Leandro"]
[Result "1/2-1/2"]
[ECO "A37"]
[WhiteElo "2208"]
[BlackElo "2382"]
[Annotator "TA"]
[PlyCount "61"]
[EventDate "2024.01.10"]
[EventType "swiss"]
[EventCountry "BRA"]
[SourceTitle "playchess.com"]
[Source "ChessBase"]
[SourceQuality "1"]
[TimeControl "5400+30"]

1. c4 g6 2. g3 Bg7 3. Bg2 c5 4. Nc3 Nc6 5. Nf3 d6 6. e3 e5 7. d4 exd4 8. exd4 Bg4 (8... cxd4 $11 9. Nb5 Bg4) 9. O-O Nge7 10. dxc5 dxc5 11. Be3 Nd4 12. Bxd4 cxd4 13. Ne2 Nc6 14. Nf4 O-O 15. h3 Bf5 16. Re1 Qd6 17. Nh4 Bd7 {[%emt 0:00:31] [#] And now ...g5 would win. This pair of bishops is nice.} 18. Nd5 Rfe8 19. Nf3 b6 20. Qd2 Rxe1+ 21. Nxe1 Re8 22. Nd3 Bf5 23. Rd1 h5 24. Qf4 Qxf4 25. N5xf4 Ne5 26. Nxe5 $1 Rxe5 27. Bf1 Re8 28. Bd3 Bd7 29. Bf1 Bf5 30. Bd3 Bd7 31. Bf1 {[%emt 0:01:00] Weighted Error Value: White=0.10 (very precise) /Black=0.10 (very precise) .  Mistake:       	---       	Black=1      Inaccurate:     	White=2     	Black=2      OK:         	White=7     	Black=9      Best:        	---       	Black=1      Strong:       	White=1     	---} 1/2-1/2

[Event "10th Floripa Open 2024"]
[Site "Florianopolis"]
[Date "2024.01.28"]
[Round "9.1"]
[White "Silva, Kaua Marques"]
[Black "Tari, Aryan"]
[Result "0-1"]
[ECO "B67"]
[WhiteElo "2142"]
[BlackElo "2623"]
[Annotator "TA"]
[PlyCount "52"]
[EventDate "2024.01.10"]
[EventType "swiss"]
[EventCountry "BRA"]
[SourceTitle "playchess.com"]
[Source "ChessBase"]
[SourceQuality "1"]
[TimeControl "5400+30"]

1. e4 c5 2. Nf3 d6 3. d4 cxd4 4. Nxd4 Nf6 5. Nc3 Nc6 6. Bg5 e6 7. Qd2 a6 8. O-O-O Bd7 {[%emt 0:00:04][%cal Bc8d7,Bd7c6,Bc6b7][%mdl 32] EV=15.77. Goes to e4 (dbg))} 9. Kb1 b5 10. Nxc6 Bxc6 11. f3 Be7 12. h4 Rc8 13. Ne2 {[%emt 0:03:08] OK} Bb7 14. Nd4 {[%emt 0:02:13] OK. White has an edge.} h6 15. Be3 {[%emt 0:00:06] OK} Nd7 {[%emt 0:00:15] OK} 16. g4 {[%emt 0:00:49] OK} Ne5 17. Qg2 g6 18. f4 {[%emt 0:02:08] [#] aiming for Nxe6.} (18. Be2 $5) 18... Nc4 {[%emt 0:02:41] Best (Easy)} 19. Bxc4 {[%emt 0:00:55] OK} Rxc4 20. Rhf1 {[%emt 0:01:38] Mistake (1.4)} (20. b3 $1 $14 {keeps the upper hand.} Rc3 21. Bd2) 20... Qa8 $1 $17 {[%emt 0:05:08][%cal Oh6h5] Strong} ({But not} 20... Bxh4 21. b3 Rc8 22. f5 $11) 21. b3 {[%emt 0:20:00] Mistake (0.5)} ({Better is} 21. Ka1) 21... Bxe4 22. Qf2 {[%emt 0:03:16] OK} Rc8 {[%emt 0:03:53] OK} 23. f5 $2 {[%emt 0:02:20] [#] White does not recover from this. Mistake (1.6)} (23. Rde1 $17 {was worth a try.}) 23... gxf5 $1 $19 {[%emt 0:07:23] Strong. Black has a decisive advantage.} 24. gxf5 e5 {[%emt 0:02:23] OK} 25. f6 {[%emt 0:08:19] OK} Bf8 {[%emt 0:02:55][%cal Oh8g8] White must now prevent ...Rg8! A strong pair of Bishops. OK} 26. Rfe1 {[%emt 0:05:00][%cal Oe3f4] OK} Rg8 {[%emt 0:05:16] Weighted Error Value: White=0.28 (precise) /Black=0.01 (flawless) .  Mistake:       	White=3     	---        OK:         	White=8     	Black=4      Best:        	---       	Black=1      Strong:       	---       	Black=2} ({Much less strong is} 26... exd4 27. Rxd4 Bxc2+ (27... Rxc2 $2 {too greedy.} 28. Rxe4+ Qxe4 29. Bd2 $18) 28. Ka1) 0-1

[Event "10th Floripa Open 2024"]
[Site "Florianopolis"]
[Date "2024.01.28"]
[Round "9.2"]
[White "Salinas Herrera, Pablo"]
[Black "Rodriguez Vila, Andres"]
[Result "1-0"]
[ECO "A48"]
[WhiteElo "2477"]
[BlackElo "2407"]
[Annotator "TA"]
[PlyCount "89"]
[EventDate "2024.01.10"]
[EventType "swiss"]
[EventCountry "BRA"]
[SourceTitle "playchess.com"]
[Source "ChessBase"]
[SourceQuality "1"]
[TimeControl "5400+30"]

1. d4 Nf6 2. Nf3 g6 3. Nbd2 c5 4. dxc5 Qa5 5. a3 Qxc5 6. b4 Qc7 7. Bb2 Bg7 8. c4 O-O 9. e3 d6 10. Be2 Nbd7 11. O-O {[%emt 0:00:12] OK} b6 {[%emt 0:00:25] OK} 12. Qb3 Bb7 {[%emt 0:00:12] The position is equal.} 13. Rfd1 {[%emt 0:00:12] OK} Rac8 14. Nd4 a6 {[%emt 0:00:59] OK} 15. Rac1 {[%emt 0:01:57] OK} e5 16. N4f3 {[%emt 0:00:58] OK} Qb8 17. Nb1 {[%emt 0:01:44] OK} b5 {[%emt 0:08:26] Mistake (0.6)} 18. cxb5 $16 {[%emt 0:02:16] Best (Easy)} axb5 19. Rxc8 {[%emt 0:03:21] OK} Rxc8 20. Ng5 {[%emt 0:01:20] OK} (20. Bxb5 $2 Bxf3 21. gxf3 Qxb5 $19) 20... Rf8 {[%emt 0:07:53] OK} 21. Bxb5 {[%emt 0:06:07] Black must now prevent a4.} h6 {[%emt 0:08:04] Best (Easy)} 22. Bxd7 {[%emt 0:02:10][%cal Og5f7] OK} Nxd7 {[%emt 0:00:07] Inaccurate} 23. Nf3 {[%emt 0:00:04] OK} Nb6 {[%emt 0:08:37] OK} 24. Nc3 {[%emt 0:07:37][%cal Bb1c3,Bc3a4,Ba4c5][%mdl 32] EV=22.37. Goes to e5 (dbg)). OK} d5 25. Na4 $36 {[%emt 0:03:50][%mdl 2048] White is more active. OK} Nc4 {[%emt 0:07:56] Mistake (0.6)} ({Black should try} 25... Nd7 $14) 26. Nc5 {[%emt 0:00:09] [#] aiming for Nd7. OK} Nxb2 27. Qxb2 Bc6 {[%emt 0:00:07] Against Nd7. OK} 28. a4 Rc8 {[%emt 0:06:10] OK} 29. Rc1 d4 {[%emt 0:05:34] Best} 30. exd4 {[%emt 0:09:13] OK} Bxf3 31. gxf3 exd4 {[%emt 0:00:14] Best} 32. Qd2 {[%emt 0:02:29] Wards off Qf4. Best (Easy)} Rd8 {[%emt 0:08:53] [#] Mistake (0.5)} (32... d3 $16) 33. Nd3 $1 $18 {[%emt 0:00:07] Strong} Qa8 {[%emt 0:01:21] OK} 34. Qd1 {[%emt 0:00:03] OK} Bf8 {[%emt 0:00:27] OK} 35. b5 {[%emt 0:00:38] OK} Rd5 {[%emt 0:00:09] Mistake (1.1)} (35... Qd5 $16 {was called for.} 36. Rb1 Qg5+ 37. Kh1 Bd6) 36. Rc6 {[%emt 0:02:25] OK} Rg5+ 37. Kf1 {[%emt 0:00:16] Best} Qa7 38. f4 {[%emt 0:02:00] OK} Rh5 39. Ne5 {[%emt 0:00:08] Qb3 would now be deadly.} Rxh2 $2 {[%emt 0:01:46] Mistake (3.9)} (39... Bg7 40. Qb3 Qb7 41. Rxg6 (41. Nxg6 Qd7 $18) 41... d3 42. Nxd3 Kh7) 40. Qb3 {[%emt 0:00:08][%cal Ob3d5] Qd5! is the strong threat.} d3 {[%emt 0:13:14][%csl Gh2][%cal Ra7f2] Inaccurate} 41. b6 Qb7 {[%emt 0:00:05] OK} 42. Qxd3 {[%emt 0:03:05] Active counter play!} (42. Rxg6+ Bg7 $16) 42... Bc5 43. Qd5 {[%emt 0:03:58][%cal Oc6c8] Threatening mate with Rc8+!} (43. Rxc5 {is a self mate.} Qg2+ (43... Qxb6 $2 {too greedy.} 44. Qd5 $18) 44. Ke2 Qxf2+ 45. Kd1 Rh1+) ({Less strong is} 43. Qd8+ Kh7 44. Qd7 (44. Rxc5 Qe4) 44... Rxf2+ 45. Ke1 Qxd7 46. Nxd7 Bxb6 $18) 43... Qa6+ 44. Kg1 Rh1+ 45. Qxh1 {[%emt 0:00:04] Weighted Error Value: White=0.15 (very precise) /Black=0.38.  Mistake:       	---       	Black=5      Inaccurate:     	---       	Black=2      OK:         	White=17    	Black=9      Best:        	White=3     	Black=3      Strong:       	White=1     	---} 1-0

[Event "10th Floripa Open 2024"]
[Site "Florianopolis"]
[Date "2024.01.28"]
[Round "9.3"]
[White "Vazquez, Facundo"]
[Black "Fier, Alexandr"]
[Result "0-1"]
[ECO "D72"]
[WhiteElo "2381"]
[BlackElo "2549"]
[Annotator "RC"]
[PlyCount "92"]
[EventDate "2024.01.10"]
[EventType "swiss"]
[EventCountry "BRA"]
[SourceTitle "playchess.com"]
[Source "ChessBase"]
[SourceQuality "1"]
[TimeControl "5400+30"]

1. d4 Nf6 2. c4 g6 3. g3 Bg7 4. Bg2 d5 5. cxd5 Nxd5 6. e4 Nb6 7. Ne2 O-O 8. O-O c5 9. d5 e6 10. Nec3 Na6 11. Na3 exd5 12. exd5 Bf5 13. Bf4 Nb4 14. Qd2 Re8 15. Rfe1 Rxe1+ 16. Rxe1 Nd3 17. Rd1 Nxf4 18. Qxf4 Qd7 19. Qd2 Rd8 20. Re1 a6 21. b3 Nc8 22. Ne4 Bxe4 23. Bxe4 b5 24. Bg2 b4 25. Nb1 Nb6 26. Qe2 Nxd5 27. Qxa6 Bd4 28. Bxd5 Qxd5 29. Qe2 Ra8 30. Qc2 Qf3 31. Qe2 Qf5 32. Kg2 Ra6 33. Rf1 Re6 34. Qf3 Qc2 35. Qd1 Qxa2 36. Nd2 Kg7 37. Nf3 Bf6 38. h4 c4 39. bxc4 Qxc4 40. h5 gxh5 41. Rh1 b3 42. Rxh5 b2 43. Qb1 h6 44. Rh1 Ra6 45. Qf5 Ra1 46. Nd2 Qc6+ 0-1

[Event "10th Floripa Open 2024"]
[Site "Florianopolis"]
[Date "2024.01.28"]
[Round "9.4"]
[White "Flores Quillas, Diego Saul Rodri"]
[Black "Hoffman, Alejandro"]
[Result "1/2-1/2"]
[ECO "C41"]
[WhiteElo "2429"]
[BlackElo "2358"]
[Annotator "TA"]
[PlyCount "84"]
[EventDate "2024.01.10"]
[EventType "swiss"]
[EventCountry "BRA"]
[SourceTitle "playchess.com"]
[Source "ChessBase"]
[SourceQuality "1"]
[TimeControl "5400+30"]

1. e4 d6 2. d4 Nf6 3. Nc3 e5 4. Nf3 Nbd7 5. Bc4 Be7 6. O-O {[%emt 0:00:17][%cal Oc4f7] [#] And now Bxf7+! would win.} Nb6 7. Bb3 exd4 8. Qxd4 O-O {[%emt 0:00:18] The position is equal.} 9. a4 a5 10. Bg5 h6 11. Bh4 Nfd7 12. Bxe7 Qxe7 13. Rfe1 Nc5 14. Bd5 c6 15. Bb3 Bg4 16. Nd2 Be6 17. Bc4 Bxc4 18. Nxc4 Nxc4 19. Qxc4 Rfe8 20. h3 Qc7 21. Rad1 Re6 22. Rd4 Qb6 {[%emt 0:04:36] [#] aiming for ...d5.} 23. Rb1 Rae8 24. b3 Qc7 25. Rbd1 Qe7 26. f3 Rg6 27. R4d2 Qg5 28. Kh1 ({White should try} 28. Rf2 $11) 28... Ne6 $15 29. Qf1 (29. Rf2 $15) 29... Nf4 $17 30. Qg1 (30. Rf2 $17) 30... Qf6 31. Qh2 Rxg2 32. Rxg2 Nxg2 33. Qxg2 Qxc3 34. Rxd6 $19 {[%emt 0:00:03][%cal Og2f2][%mdl 4096] Endgame. KQR-KQR} Re5 35. Rxh6 $2 (35. Rd3 $17 Qb2 36. Qf2) 35... Qe3 36. Rd6 Qc1+ $2 (36... Rg5 $19 {and Black stays clearly on top. Threatens to win with ...Qc1+.} 37. Qf1 Rg3) 37. Qg1 $17 ({Don't go for} 37. Kh2 $2 Rg5 38. Rd8+ Kh7 $19) 37... Qxc2 38. Rd8+ Kh7 39. Qe3 $1 f6 (39... Rh5 40. Rd2 Qc1+ (40... Rxh3+ $2 {perishes.} 41. Kg2 $18) 41. Kh2) (39... Rc5 $17 {Black wants to play ...Qb1+.} 40. e5 b6) 40. Rd2 $11 Qc1+ 41. Kh2 Rc5 {[%emt 0:00:24] ...Rc2 is the strong threat.} 42. Re2 Qxe3 {[%emt 0:01:32] Whites escaped into a draw.   Weighted Error Value: White=0.20 (precise) /Black=0.19 (very precise) .  Loses game:     	White=1     	---        Missed win:     	---       	Black=1      Mistake:       	White=3     	Black=1      Inaccurate:     	White=3     	Black=2      OK:         	White=10    	Black=9      Best:        	White=4     	Black=5      Strong:       	White=1     	---} 1/2-1/2

[Event "10th Floripa Open 2024"]
[Site "Florianopolis"]
[Date "2024.01.28"]
[Round "9.5"]
[White "Haldorsen, Benjamin"]
[Black "Ticona Rocabado, Licael Roderick"]
[Result "1/2-1/2"]
[ECO "C50"]
[WhiteElo "2427"]
[BlackElo "2350"]
[Annotator "TA"]
[PlyCount "145"]
[EventDate "2024.01.10"]
[EventType "swiss"]
[EventCountry "BRA"]
[SourceTitle "playchess.com"]
[Source "ChessBase"]
[SourceQuality "1"]
[TimeControl "5400+30"]

1. e4 e5 2. Nf3 Nc6 3. Bc4 Bc5 4. Nc3 Nf6 5. d3 h6 6. h3 d6 7. Na4 Bb6 8. a3 Be6 9. Bxe6 fxe6 10. b4 O-O 11. O-O Qe8 12. c3 g5 13. Nxb6 axb6 14. b5 Ne7 15. a4 Ng6 16. g3 Qf7 17. Nh2 Kh7 18. c4 Nd7 19. Ra2 Nc5 20. Be3 Rad8 21. Bxc5 dxc5 22. Qe2 Ra8 23. Rfa1 Ra5 24. Nf1 Rfa8 25. Nd2 Qd7 26. Nb3 R5a7 27. a5 Qd6 28. axb6 Rxa2 29. Rxa2 Rxa2 30. Qxa2 cxb6 31. Nc1 Ne7 (31... Qd4 $16 {was necessary.}) 32. Qa8 $18 Qd7 33. Qb8 Ng6 34. Kf1 h5 35. Qa7 (35. Ke2 $1 $18 {is more deadly.}) 35... Qc7 (35... Qd8 $16 {was called for.}) 36. Ne2 (36. Qa8 $18) 36... Kh6 (36... Qd8 $14) 37. Ng1 $18 g4 38. hxg4 hxg4 39. Qa3 (39. Qa2 $18) 39... Nf8 (39... Qd8 $16 {might work better.}) 40. Qc1+ $18 Kg6 41. Qd1 $1 Kh5 42. f3 (42. Nf3 $1 $18) 42... Nh7 $16 43. fxg4+ Kg6 {[%emt 0:00:01] [#]} 44. Kg2 ({White should play} 44. Qd2 $1 $18) 44... Ng5 $16 {[%emt 0:00:57] [#]} 45. Nf3 (45. Ne2 $1 $16) 45... Nxf3 $1 $11 46. Qxf3 Qd8 47. Qf1 Kg7 48. Qa1 Qg5 49. Qb2 Kg6 50. Qe2 Qc1 51. Qf2 Qh6 52. Qb2 Qe3 53. Qc2 (53. Qxe5 $5 Qe2+ $8 54. Kg1 Qe3+ 55. Kh2 Qf2+ 56. Kh3 Qf1+ 57. Kh2 Qe2+ (57... Qf2+ 58. Kh3 $11) 58. Kh3 (58. Kg1 Qe3+ 59. Kg2 Qe2+ 60. Kh3 Qf1+ 61. Kh2 Qe2+ 62. Kg1 $11) 58... Qf1+ 59. Kh2 Qe2+ (59... Qf2+ 60. Kh1 $11) 60. Kg1 Qe1+ 61. Kh2 Qf2+ 62. Kh3 Qf1+ $11) 53... Kg5 54. Qd1 Kg6 55. g5 Qxg5 56. Qe2 Qc1 57. Qg4+ Kf6 58. Qh4+ Kg6 59. Qg4+ (59. Qe7 $5 Qd2+ $8 60. Kh3 Qh6+ 61. Qh4 $11) 59... Kf6 60. Qh4+ Kg6 61. Qe7 Qd2+ 62. Kh3 Qh6+ 63. Qh4 (63. Kg2 $5 Qd2+ $8 64. Kh3 Qh6+ 65. Qh4 $11) 63... Qd2 64. Qg4+ Kf6 65. Qh4+ Kg6 66. Qg4+ Kf6 67. Qg8 Qxd3 68. Qf8+ Kg6 69. Qg8+ Kf6 70. Qf8+ Kg6 71. Qe8+ Kf6 72. Qh8+ Kg6 73. Qg8+ 1/2-1/2